 Dungeon Crawl Stone Soup version 0.30-a0-371-gad7725a93e (webtiles) character file.

Game seed: 5982636300071172288

14 bmack86 the Conjurer (level 2, -4/20 HPs)
             Began as a Draconian Conjurer on Nov 21, 2022.
             Frozen to death by an endoplasm (5 damage)
             ... on level 1 of the Dungeon.
             The game lasted 00:03:14 (256 turns).

bmack86 the Conjurer (Draconian Conjurer)            Turns: 256, Time: 00:03:15

Health: -4/20      AC:  4    Str:  9    XL:     2   Next: 27%
Magic:  2/5        EV: 12    Int: 18    God:
Gold:   31         SH:  0    Dex:  9    Spells: 2/5 levels left

rFire   . . .      SeeInvis .    e - +0 sling
rCold   . . .      Faith    .    (no shield)
rNeg    . . .      Spirit   .    (body armour unavailable)
rPois   .          Reflect  .    (helmet restricted)
rElec   .          Harm     .    (no cloak)
rCorr   .          Rampage  .    (no gloves)
Will    .....                    (no boots)
Stlth   ++........               (no amulet)
HPRegen 0.23/turn                (no ring)
MPRegen 0.09/turn                (no ring)

@: no status effects
A: AC +4, unfitting armour, cold-blooded
a: no special abilities


You were on level 1 of the Dungeon.
You visited 1 branch of the dungeon, and saw 1 of its levels.

You collected 31 gold pieces.

Inventory:

Hand Weapons
 e - a +0 sling (weapon)
 h - a +0 dagger
 i - a +0 dagger
Armour
 f - a +0 ring mail
Scrolls
 c - a scroll of butterflies {unknown}
 d - 2 scrolls of identify {unknown}
Potions
 a - a potion of magic
 b - a potion of heal wounds {unknown}
 g - a potion of lignification {unknown}
 j - 2 potions of haste {unknown}


   Skills:
 + Level 0.2 Ranged Weapons
 + Level 2.0 Dodging
 + Level 1.8 Stealth
 + Level 2.0 Spellcasting
 + Level 4.3 Conjurations


You had 2 spell levels left.
You knew the following spells:

 Your Spells              Type           Power      Damage    Failure   Level
a - Magic Dart            Conj           68%        1d6       3%          1
b - Searing Ray           Conj           34%        2d5       4%          2

Your spell library contained the following spells:

 Spells                   Type           Power      Damage    Failure   Level
 Dazzling Flash           Conj/Hex       18%        N/A       22%         3
 Fulminant Prism          Conj/Hex       4%         3d5       58%         4
 Iskenderun's Mystic Bla  Conj/Tloc      9%         2d4       58%         4


Dungeon Overview and Level Annotations

Branches:
Dungeon (1/15)

Altars:


Innate Abilities, Weirdness & Mutations

Your plain brown scales are hard. (AC +4)
You cannot fit into any form of body armour.
You are cold-blooded and may be slowed by cold attacks.


Message History

An endoplasm comes into view.
You shoot a sling bullet. The sling bullet hits the goblin.
You kill the goblin!
The kobold hits you with a +0 short sword.
The kobold barely misses you.
The kobold hits you with a +0 short sword.
You shoot a sling bullet.
The sling bullet barely misses the kobold.
The kobold hits you but does no damage.
You shoot a sling bullet.
The sling bullet hits the kobold but does no damage.
The endoplasm closely misses you. The kobold barely misses you.
The kobold misses you. The endoplasm freezes you.
You are frozen.
* * * LOW HITPOINT WARNING * * *
You feel yourself slow down.
You shoot a sling bullet.
The sling bullet closely misses the kobold.
The endoplasm barely misses you. The kobold closely misses you.
The kobold hits you with a +0 short sword.
* * * LOW HITPOINT WARNING * * *
The endoplasm misses you.
You shoot a sling bullet.
The sling bullet closely misses the kobold.
The endoplasm freezes you.
You are frozen.
* * * LOW HITPOINT WARNING * * *
The kobold hits you but does no damage. The endoplasm misses you.
The kobold closely misses you.
You shoot a sling bullet.
The sling bullet hits the kobold but does no damage.
You feel yourself speed up. The endoplasm barely misses you.
The kobold barely misses you. x2
The endoplasm misses you.
You shoot a sling bullet. The sling bullet hits the kobold.
You kill the kobold!
The endoplasm freezes you.
You are frozen.
You die...

.. #... . #...####.
###......#. #.
......... ..
#...##.# .###
#...##J###.....
#.###......@)......
.............)......
...###......####.##.
#######
...###.............
#.....#
.........#######.# .
#.###.# ........##
#.##..##.# #.#
........# #.##..##.#
#.# ........#
#.##..##.# #.#
........# #.##..##.#
#.#


You could see an endoplasm.

Vanquished Creatures
  A dart slug (D:1)
  2 goblins (D:1)
  2 hobgoblins (D:1)
  A quokka (D:1)
  3 ball pythons (D:1)
  A bat (D:1)
  2 kobolds (D:1)
12 creatures vanquished.

Notes
Turn   | Place    | Note
-------+----------+-------------------------------------------
     0 | D:1      | bmack86 the Draconian Conjurer began the quest for the Orb.
     0 | D:1      | Reached XP level 1. HP: 14/14 MP: 3/3
   150 | D:1      | Reached XP level 2. HP: 3/20 MP: 3/5
   233 | D:1      | Learned a level 2 spell: Searing Ray
   254 | D:1      | HP: 1/20 [frozen (4)]
   256 | D:1      | Frozen to death by an endoplasm

Illustrated notes

Levels and vault maps discovered:
D:1:      minmay_arrival_hallway, layout_basic, kennysheep_decorative_pillar,
          minmay_heptomino_l4

Skill      XL: |  1 |
---------------+----+-----
Dodging        | 2 |  2.0
Ranged Weapons | |  0.2
Stealth        | |  1.8
Spellcasting   | |  2.0
Conjurations   | |  4.3

Action                   || total
-------------------------++-------
 Fire: Sling             ||    33
 Cast: Magic Dart        ||     9
Armor: Skin              ||    16
Dodge: Dodged            ||    43

Table legend: (Time is in decaauts)
 A = Elapsed time spent in this place.
 B = Non-inter-level travel time spent in this place.
 C = Inter-level travel time spent in this place.
 D = Time resting spent in this place.
 E = Time spent auto-exploring this place.
 F = Levels seen in this place.
 G = Mean time per level.
                   A        B        C        D        E       F      G
               +--------+--------+--------+--------+--------+-----+--------+
         Total |    270 |    270 |      0 |     17 |    109 |   1 |  270.0 |
       Dungeon |    270 |    270 |      0 |     17 |    109 |   1 |  270.0 |
               +--------+--------+--------+--------+--------+-----+--------+

Top non-repeatable levels by time:
     D:1: 270 daAuts
